 Dungeon Crawl Stone Soup version 0.17-a0-1105-gbe8b664 (webtiles) character file.

2543 Hanyuu the Martial Artist (level 9, 0/56 HPs)
             Began as an Octopode Transmuter on May 20, 2015.
             Was a Follower of Makhleb.
             Shot with a silver sling bullet by Joseph (26 damage)
             ... on level 7 of the Dungeon on May 21, 2015.
             The game lasted 00:31:40 (9158 turns).

Hanyuu the Martial Artist (Octopode Transmuter)     Turns: 9158, Time: 00:31:40

Health: 0/56       AC:  2    Str: 12    XL:     9   Next: 55%
Magic:  10/13      EV: 23    Int: 18    God:    Makhleb [*.....]
Gold:   294        SH:  0    Dex: 17    Spells: 3 memorised, 8 levels left

rFire  . . .     SeeInvis .       - Unarmed
rCold  . . .     Clarity  +     (shield currently unavailable)
rNeg   . . .     SustAb   .     (helmet currently unavailable)
rPois  x         Gourm    .     D - amulet of clarity
rElec  .         Spirit   .     m - ring of teleportation (curse)
rCorr  .         Warding  .     (no ring)
rMut   .         Rnd*Tele +     (no ring)
MR     .....                    (no ring)
Stlth  ++........               (no ring)
                                (no ring)
                                (no ring)
                                (no ring)

@: spider-form, not resistant to hostile enchantments, unstealthy
A: almost no armour, amphibious, 8 rings, (constrict 8), (camouflage 0), (cold
resistance 0), strong 1, (gelatinous body 0)
a: End Transformation, Renounce Religion, Evoke Teleportation


You were on level 7 of the Dungeon.
You worshipped Makhleb.
Makhleb was aware of your devotion.
You were not hungry.
You were a venomous arachnid creature.
You visited 2 branches of the dungeon, and saw 8 of its levels.

You collected 294 gold pieces.

Inventory:

Hand weapons
 a - a +0 blowgun (melded)
Missiles
 v - 62 arrows
 w - 42 poisoned needles
 y - 6 curare-tipped needles
Jewellery
 m - a cursed ring of teleportation (left front leg)
 n - an uncursed amulet of stasis
 z - the ring "Deorr" {Fire *Corrode +Fly MR+ Int+3}
   (You found it on level 4 of the Dungeon)

   [ring of fire]

   It enhances your fire magic, and weakens your ice magic.
   It affects your intelligence (+3).
   It protects you from fire.
   It makes you vulnerable to cold.
   It affects your resistance to hostile enchantments.
   It lets you fly.
   It may corrode your equipment when you take damage.
 D - an amulet of clarity (around neck)
Magical devices
 o - a wand of random effects (23)
 q - a wand of lightning (4)
 A - a wand of flame (8)
 G - a wand of flame (24)
Scrolls
 e - a scroll of identify
 f - a scroll of enchant armour
 g - 2 scrolls of remove curse
 j - a scroll of recharging
 r - 2 scrolls of magic mapping
 u - 3 scrolls of teleportation
 x - a scroll of fear {unknown}
Potions
 h - a potion of cancellation {unknown}
 i - 3 potions of resistance
 k - a potion of degeneration {unknown}
 l - a potion of might
 p - a potion of invisibility {unknown}
 s - a potion of cure mutation {unknown}
 t - 2 potions of curing
 B - a potion of agility
 E - a potion of flight {unknown}
 F - a potion of ambrosia {unknown}
 H - a potion of mutation {unknown}
Books
 b - a book of Changes

   Spells                             Type                      Level
   a - Beastly Appendage              Transmutation                1
   b - Sticks to Snakes               Transmutation                2
   c - Spider Form                    Transmutation/Poison         3
   d - Ice Form                       Ice/Transmutation            4
   e - Blade Hands                    Transmutation                5
 C - a Young Poisoner's Handbook

   Spells                             Type                      Level
   a - Sting                          Conjuration/Poison           1
   b - Cure Poison                    Poison                       2
   c - Mephitic Cloud                 Conjuration/Poison/Air       3
   d - Olgreb's Toxic Radiance        Poison                       4
   e - Venom Bolt                     Conjuration/Poison           5
Comestibles
 c - 2 bread rations
 d - 3 chunks of flesh


   Skills:
 - Level 3.0 Fighting
 - Level 3.0 Throwing
 + Level 5.0 Dodging
 * Level 9.6 Unarmed Combat
 - Level 3.0 Spellcasting
 + Level 5.7 Transmutations


You had 8 spell levels left.
You knew the following spells:

 Your Spells              Type           Power        Failure   Level  Hunger
a - Beastly Appendage     Trmt           ###...       8%          1    None
b - Sticks to Snakes      Trmt           ###.......   10%         2    ##.....
c - Spider Form           Trmt/Pois      ##........   36%         3    ###....


Dungeon Overview and Level Annotations

Branches:
Dungeon (7/15)             Temple (1/1) D:5

Altars:
Ashenzari
Cheibriados
Dithmenos
Elyvilon
Fedhas
Gozag
Kikubaaqudgha
Makhleb
Nemelex Xobeh
Okawaru
Qazlal
Ru
Sif Muna
Trog
Vehumet
Yredelemnul
Zin
The Shining One

Annotations:
D:2 exclusion: moth of wrath
D:7 Joseph


Innate Abilities, Weirdness & Mutations

You cannot wear most types of armour.
You are amphibious.
You can wear up to eight rings at the same time.
((You can use your tentacles to constrict eight enemies at once.))
((Your skin changes colour to match your surroundings (Stealth).))
((Your rubbery body absorbs attacks (AC +1).))
((Your flesh is cold resistant.))
Your muscles are strong. (Str +2)


Message History

Joseph shoots a silver sling bullet.
The silver sling bullet hits you! The silver sears you!
You see here a silver sling bullet.
Firing (i - inventory. (,) - cycle):
w - 43 poisoned needles (quivered)
Press: ? - help, Shift-Dir - straight line, f/p - Joseph
Aim: Joseph, wielding a hunting sling and wearing a runed leather armour (lightly wounded, poisoned)
You shoot a poisoned needle. The poisoned needle hits Joseph!
Joseph looks even sicker.
Joseph is lightly wounded.
Joseph shoots a silver sling bullet.
The silver sling bullet hits you! The silver sears you!
Joseph shoots a silver sling bullet.
The silver sling bullet barely misses you.
Casting: Spider Form
Confirm with . or Enter, or press ? or * to list all spells.
You turn into a venomous arachnid creature.
Your +0 blowgun melds into your body.
Joseph shoots a silver sling bullet.
The silver sling bullet completely misses you.
Joseph shoots a silver sling bullet.
The silver sling bullet hits you!!
You die...

..###### .. #......... ...
#......... .# ....
#..#.#.....# .# ....#
#...#..##... #.# #....#
##..#...# #..# ##..
#(...#####).(#..## #..##..#
#..(.....(....## #.....# #
##.<...##s.....# #.....#
#..##.(@.......#...# ##..<.#
#.....)..##...##..#.##.....#
#....#.....................#
#....###.......###....(.....##
...## ###...#.###...........#
... #...@.##...#####..... .#
##..(.#...## ..####
##.......## .##


You could see Joseph.

Vanquished Creatures
  Grinder (D:3)
  Duvessa (D:6)
  A water moccasin (D:6)
  A black bear (D:6)
  2 orc warriors (D:6)
  2 phantoms
  A sky beast (D:6)
  5 ogres
  A centaur (D:7)
  Blork the orc (D:5)
  A giant frog (D:6)
  Dowan (D:6)
  A scorpion (D:6)
  The ghost of Charly the Conjurer, a weakling DECj (D:4)
  3 hounds
  2 orc wizards
  A giant frog skeleton (D:6)
  Crazy Yiuf (D:3)
  8 orc priests
  Ijyb (D:2)
  4 worker ants
  2 iguanas
  A hound zombie (D:5)
  A worker ant zombie (D:6)
  2 adders (D:2)
  3 shadow imps (D:5)
  An ooze (D:2)
  An adder skeleton (D:6)
  5 worms
  16 orcs
  A bat skeleton (D:4)
  9 goblins
  13 hobgoblins
  4 jackals (D:3)
  2 quokkas
  9 bats
  5 giant cockroaches
  3 giant geckos
  9 giant newts
  A jackal skeleton (D:4)
  7 kobolds
  A quokka zombie (D:5)
  14 rats
  A fungus (D:3)
151 creatures vanquished.

Notes
Turn   | Place    | Note
--------------------------------------------------------------
     0 | D:1      | Hanyuu the Octopode Transmuter began the quest for the Orb.
     0 | D:1      | Reached XP level 1. HP: 13/13 MP: 3/3
   113 | D:1      | Reached XP level 2. HP: 12/18 MP: 5/5
   559 | D:1      | Reached skill level 4 in Unarmed Combat
   712 | D:1      | Reached XP level 3. HP: 23/23 MP: 6/6
   721 | D:1      | Learned a level 2 spell: Sticks to Snakes
   725 | D:1      | Learned a level 3 spell: Spider Form
  1605 | D:2      | Reached XP level 4. HP: 28/28 MP: 7/7
  1661 | D:2      | Noticed a moth of wrath
  1664 | D:2      | Found a bloodstained altar of Trog.
  2137 | D:3      | Noticed Ijyb
  2142 | D:3      | Noticed Grinder
  2165 | D:2      | Killed Ijyb
  2165 | D:2      | Reached skill level 5 in Unarmed Combat
  2545 | D:3      | Reached XP level 5. HP: 29/34 MP: 5/8
  3040 | D:3      | Killed Grinder
  3040 | D:3      | Reached skill level 6 in Unarmed Combat
  3040 | D:3      | Reached XP level 6. HP: 28/39 MP: 3/9
  3118 | D:3      | Found a white marble altar of Elyvilon.
  3118 | D:3      | Found a radiant altar of Vehumet.
  3501 | D:3      | Noticed Crazy Yiuf
  3511 | D:3      | Killed Crazy Yiuf
  3697 | D:4      | Reached XP level 7. HP: 45/45 MP: 10/10
  3830 | D:4      | Got a scorched jade ring
  3836 | D:4      | Gained mutation: Your muscles are strong. (Str +2) [potion of beneficial mutation]
  3837 | D:4      | Identified the ring "Deorr" {Fire *Corrode +Fly MR+ Int+3} (You found it on level 4 of the Dungeon)
  3871 | D:4      | Reached skill level 1 in Throwing
  3944 | D:4      | Found an opulent altar of Gozag.
  3991 | D:4      | Noticed Charly's ghost (weakling DECj)
  4007 | D:4      | Killed Charly's ghost
  4127 | D:3      | Reached skill level 7 in Unarmed Combat
  4962 | D:4      | Reached XP level 8. HP: 40/50 MP: 7/11
  5046 | D:4      | Reached skill level 5 in Transmutations
  5524 | D:5      | Entered Level 5 of the Dungeon
  5607 | D:5      | Found a staircase to the Ecumenical Temple.
  5614 | Temple   | Entered the Ecumenical Temple
  5700 | Temple   | Became a worshipper of Makhleb the Destroyer
  5804 | D:5      | Reached skill level 8 in Unarmed Combat
  5848 | D:5      | Found a sparkling altar of Nemelex Xobeh.
  5865 | D:5      | Noticed Blork the orc
  5888 | D:5      | Killed Blork the orc
  6443 | D:5      | Found a shadowy altar of Dithmenos.
  6913 | D:5      | Found a snail-covered altar of Cheibriados.
  7274 | D:6      | Acquired Makhleb's first power
  7354 | D:6      | Noticed Duvessa
  7360 | D:6      | Noticed Dowan
  7380 | D:6      | Killed Duvessa
  7380 | D:6      | Reached XP level 9. HP: 50/56 MP: 8/12
  7392 | D:6      | Killed Dowan
  7395 | D:6      | Gained mutation: Your flesh is cold resistant. [potion of beneficial mutation]
  7637 | D:6      | Reached skill level 9 in Unarmed Combat
  8278 | D:7      | Noticed Joseph
  8364 | D:6      | Upgraded the game from 0.17-a0-1093-g0b3cd89 to 0.17-a0-1105-gbe8b664
  8755 | D:6      | Reached skill level 5 in Dodging
  9158 | D:7      | Shot with a silver sling bullet by Joseph

Vault maps used:
D:1:      lightli_arrival_windingriver, item_on_display_a
D:2:      first_bread, tgw_trog
D:3:      gammafunk_temple_overflow_elements, corexii_leaking_fountain,
          uniq_iyjb, uniq_grinder, uniq_crazy_yiuf_cottage
D:4:      grunt_gozag_breadcrumbs, kennysheep_generic_room_16
D:5:      kennysheep_little_box, slow_altar_2, grunt_dithmenos_shadows,
          minmay_temple_entry_metal_lava, corexii_corridor_pit,
          dk_noncrumbling_4, uniq_blork_the_orc
D:6:      uniq_duvessa
D:7:      serial_shops, shop, grunt_livestock, grunt_ministairs_8,
          okawaru_trees_1, uniq_joseph
Temple:   triangle_lava_temple_11

Action                   |  1- 3 |  4- 6 |  7- 9 || total
-------------------------+-------+-------+-------++-------
Melee: Unarmed           |    68 |    93 |   202 ||   363
 Fire: Blowgun           |       |     1 |    47 ||    48
 Cast: Beastly Appendage |     1 |     1 |     4 ||     6
       Spider Form       |       |     9 |    16 ||    25
  Use: Scroll            |       |     6 |     8 ||    14
       Potion            |       |     1 |     2 ||     3
 Stab: Sleeping          |     4 |     1 |     6 ||    11
       Distracted        |       |       |     1 ||     1
  Eat: Chunk             |     2 |     7 |    14 ||    23
       Fruit             |       |     1 |     3 ||     4
       Meat ration       |       |       |     1 ||     1
